 Dungeon Crawl Stone Soup version 0.24.0-123-gd5b16e6ec5 (webtiles) character file.

Game seed: 6476718144796973969, levelgen mode: deterministic

1385 MisterOstroum the Skirmisher (level 8, -2/44 HPs)
             Began as a Vine Stalker Abyssal Knight on Jan 29, 2020.
             Was a Priest of Lugonu.
             Succumbed to Sigmund's poison
             ... on level 6 of the Dungeon.
             The game lasted 00:12:39 (5545 turns).

MisterOstroum the Skirmisher (VSAK)                 Turns: 5545, Time: 00:12:40

Health: -2/44      AC: 15    Str: 16    XL:     8   Next: 67%
Magic:  5/11       EV:  4    Int: 12    God:    Lugonu [***...]
Gold:   156        SH:  4    Dex: 15    Spells: 7/7 levels left

rFire    . . .     SeeInvis .   a - +1 short sword
rCold    + . .     Gourm    .   A - +0 buckler
rNeg     . . .     Faith    .   d - +1 plate armour
rPois    .         Spirit   +   (no helmet)
rElec    .         Reflect  .   (no cloak)
rCorr    .         Harm     .   u - +2 pair of gloves
MR       +....                  (no boots)
Stlth    ..........             (no amulet)
HPRegen  0.54/turn              (no ring)
MPRegen  0.12/turn              E - ring of protection from cold

@: lethally poisoned (-2 -> -16), very slow
A: fangs 3, regeneration 1, magic shield, antimagic bite, no potion heal 3, rot
immunity
a: Depart the Abyss, Bend Space, Banish, Renounce Religion


You were on level 6 of the Dungeon.
You worshipped Lugonu.
Lugonu was most pleased with you.
You were not hungry.

You visited 1 branch of the dungeon, and saw 6 of its levels.
You visited the Abyss 1 time.

You collected 343 gold pieces.
You spent 187 gold pieces at shops.

Inventory:

Hand Weapons
 a - a +1 short sword (weapon)
 t - a +0 halberd
 F - a +0 shortbow
 G - a +0 dire flail
Missiles
 f - 331 stones (quivered)
 k - 59 bolts
 n - 63 arrows
 y - 17 poisoned darts
Armour
 d - a +1 plate armour (worn)
 u - a +2 pair of gloves (worn)
 A - a +0 buckler (worn)
Magical Staves
 b - an uncursed staff of power {unknown}
Jewellery
 x - an uncursed ring of ice
 E - a ring of protection from cold (right hand)
Wands
 j - a wand of random effects (21)
 D - a wand of polymorph (11)
Scrolls
 c - a scroll of noise {unknown}
 h - 2 scrolls of fear
 l - a scroll of enchant weapon {unknown}
 m - 4 scrolls of remove curse {@r2}
 o - a scroll of fog {unknown}
 s - a scroll of immolation
 w - 2 scrolls of enchant armour
 z - 4 scrolls of teleportation
Potions
 g - 3 potions of might
 i - a potion of lignification {@q6}
 p - a potion of flight
 q - a potion of mutation
 r - a potion of ambrosia
 v - 2 potions of cancellation
 B - a potion of curing {@q1 !q}
 C - a potion of resistance
 I - a potion of heal wounds {unknown}
Comestibles
 e - 19 rations


   Skills:
 * Level 5.8 Fighting
 * Level 5.4 Short Blades
 + Level 3.4 Armour
 - Level 1.2 Dodging
 + Level 1.7 Shields
 + Level 3.7 Invocations
 + Level 2.5 Evocations


You had 7 spell levels left.
You didn't know any spells.
Your spell library contained the following spells:

 Spells                   Type           Power        Failure   Level  Hunger
 Animate Skeleton         Necr           N/A          100%        1    ##.....
 Apportation              Tloc           #.....       100%        1    ##.....
 Confusing Touch          Hex            #.....       100%        1    ##.....
 Summon Small Mammal      Summ           #...         100%        1    ##.....


Dungeon Overview and Level Annotations

Branches:
Dungeon (6/15)
 Temple: D:4-7

Altars:
Cheibriados
Dithmenos
Gozag
Kikubaaqudgha
Nemelex Xobeh
Sif Muna
Trog

Shops:
D:6 !

Annotations:
D:5 exclusion: downstairs
D:6 exclusion: upstairs, Sigmund


Innate Abilities, Weirdness & Mutations

You have razor-sharp teeth.
Your natural rate of healing is unusually fast.
When hurt, damage is shared between your health and your magic reserves.
Your bite disrupts and absorbs the magic of your enemies.
Potions cannot restore your health.
You are immune to rotting.


Message History

The giant cockroach bites you but does no damage.
You see here a buckler.
Press: ? - help, Shift-Dir - straight line, f - Sigmund
Aim: Sigmund, wielding a +4 scythe of venom and wearing a +0 robe (chance to defeat MR: 87%)
Okay, then.
The iguana hisses menacingly.
Unknown command.
The giant cockroach barely misses you. The giant cockroach barely misses you.
All of the chunks of flesh in your inventory have rotted away.
Sigmund mumbles some strange words.
Sigmund flickers and vanishes!
Deactivating autopickup; reactivate with Ctrl-A.
The giant cockroach bites you but does no damage.
The giant cockroach bites you but does no damage.
You see here a buckler.
The giant cockroach bites you but does no damage.
The giant cockroach bites you but does no damage.
The giant cockroach bites you but does no damage.
The giant cockroach bites you but does no damage.
The giant cockroach bites you but does no damage.
There is a stone staircase leading down here.
The giant cockroach completely misses you.
Sigmund appears from thin air!
Reactivating autopickup.
Sigmund mumbles some strange words.
Sigmund flickers and vanishes!
Deactivating autopickup; reactivate with Ctrl-A.
The giant cockroach barely misses you.
The giant cockroach bites you but does no damage.
The giant cockroach bites you but does no damage.
The giant cockroach bites you but does no damage.
The giant cockroach bites you but does no damage.
You hit the giant cockroach. Your bite misses the giant cockroach.
The giant cockroach is severely wounded.
The giant cockroach bites you.
You hit the giant cockroach.
You kill the giant cockroach!
Lugonu accepts your kill.
You hit the iguana.
The iguana is moderately wounded.
Something hits you.
You are poisoned.
The iguana barely misses you.
You hit the iguana. Your bite misses the iguana.
The iguana is moderately wounded.
You feel sick. The iguana bites you.
You hit the iguana but do no damage. You bite the iguana, but do no damage.
The iguana is moderately wounded.
You feel sick. Something hits you.
You are more poisoned.
The iguana bites you but does no damage.
You hit the iguana but do no damage. You bite the iguana, but do no damage.
The iguana is moderately wounded.
You feel sick.
You hit the iguana but do no damage.
The iguana is moderately wounded.
You feel sick. The iguana bites you! Something hits you.
You are more poisoned.
You barely miss the iguana. Your bite misses the iguana.
The iguana is moderately wounded.
You feel sick. You block the iguana's attack.
Something hits you but does no damage.
You are more poisoned.
You feel very sick.
There is an open door here.
You feel sick.
There's a creature in the doorway!
You feel sick.
You feel sick.
You feel sick.
There is a shimmering blue altar of Sif Muna here.
You hit the iguana. You bite the iguana, but do no damage.
The iguana is heavily wounded.
You feel sick. The iguana bites you.
* * * LOW HITPOINT WARNING * * *
You hit the iguana but do no damage.
The iguana is heavily wounded.
You feel sick. Something hits you but does no damage.
You are lethally poisoned!
The iguana bites you.
* * * LOW HITPOINT WARNING * * *
You hit the iguana.
The iguana is severely wounded.
* * * LOW HITPOINT WARNING * * *
You feel sick.
You hit the iguana.
The iguana is almost dead.
* * * LOW HITPOINT WARNING * * *
You feel sick. The iguana barely misses you.
Something hits you but does no damage.
You are more poisoned.
* * * LOW HITPOINT WARNING * * *
You feel sick.
You enter the shallow water.
Moving in this stuff is going to be slow.
* * * LOW HITPOINT WARNING * * *
You feel very sick. You block the iguana's attack.
You die...

##...#..# #..#
#>..#.## #..####
###.##[#
###########.....#
....##.#
#............##.#
######.#
#.#############.#
#.# #.#
##≈≈≈≈≈###.# ###
#.# #.#
#≈≈≈≈≈≈≈##.#
..####.# #.#
#≈≈...≈≈##†#
.......#
#.####@≈l_...'..#
..#....#
#....#≈≈...≈≈##.#
.......##
######≈≈≈≈≈≈≈##.#
........##
##≈≈≈≈≈###.#
.........#
#######.###
#.......## #<#
#.# #8.....## #.#
#.# #.#....# #.#
#.# #.##.#.# #.#
#.#


You could see an iguana.

Vanquished Creatures
  A sky beast (D:6)
  A phantom (D:4)
  An ice beast (D:4)
  2 centaurs
  A big kobold (D:5)
  Blork the orc (D:6)
  4 scorpions
  A howler monkey (D:4)
  2 crimson imps
  A jelly (D:6)
  2 hounds (D:6)
  An iguana (D:5)
  Natasha (thrice) (D:4)
  2 worker ants (D:5)
  3 orc wizards
  7 adders
  3 gnolls
  2 oozes
  An adder skeleton (D:4)
  A worm (D:5)
  3 dart slugs
  A leopard gecko (D:1)
  13 orcs
  8 bats
  4 giant cockroaches
  6 goblins
  7 hobgoblins
  9 kobolds
  8 frilled lizards
  A jackal skeleton (D:4)
  2 quokka skeletons (D:5)
  6 rats
108 creatures vanquished.

Notes
Turn   | Place    | Note
-------+----------+-------------------------------------------
     0 | Abyss:1  | MisterOstroum the Vine Stalker Abyssal Knight began the
                  | quest for the Orb.
     0 | Abyss:1  | Reached XP level 1. HP: 11/11 MP: 3/3
    47 | Abyss:1  | Noticed an ancient zyme
    48 | D:1      | Escaped the Abyss
   181 | D:1      | Reached XP level 2. HP: 6/16 MP: 1/4
   196 | D:1      | Reached * piety under Lugonu
   725 | D:1      | Reached XP level 3. HP: 20/20 MP: 5/5
   803 | D:1      | Reached skill level 1 in Dodging
  1227 | D:2      | Found an ancient bone altar of Kikubaaqudgha.
  1506 | D:2      | Gained mutation: Your natural rate of healing is unusually
                  | fast. [Vine Stalker growth]
  1506 | D:2      | Reached XP level 4. HP: 22/24 MP: 6/6
  2043 | D:2      | Reached ** piety under Lugonu
  2105 | D:3      | Reached XP level 5. HP: 29/29 MP: 7/7
  2272 | D:3      | Found an opulent altar of Gozag.
  2778 | D:4      | Noticed a phantom
  2908 | D:4      | Killed a phantom
  2908 | D:4      | Reached XP level 6. HP: 23/33 MP: 6/8
  3106 | D:4      | Found a snail-covered altar of Cheibriados.
  3110 | D:4      | Found a shadowy altar of Dithmenos.
  3157 | D:4      | Noticed Natasha
  3185 | D:4      | Killed Natasha
  3408 | D:4      | Reached XP level 7. HP: 35/38 MP: 8/10
  3499 | D:4      | Noticed Natasha
  3511 | D:4      | Killed Natasha
  3639 | D:4      | Noticed Natasha
  3642 | D:4      | Killed Natasha
  3642 | D:4      | Reached skill level 1 in Evocations
  3650 | D:5      | Entered Level 5 of the Dungeon
  3756 | D:5      | Found a bloodstained altar of Trog.
  3994 | D:5      | Reached skill level 5 in Fighting
  4174 | D:5      | Gained mutation: You have razor-sharp teeth. [Vine Stalker
                  | growth]
  4174 | D:5      | Reached XP level 8. HP: 43/43 MP: 11/11
  4182 | D:5      | Reached *** piety under Lugonu
  4531 | D:5      | Reached skill level 5 in Short Blades
  4629 | D:6      | Found Jamaisem's Distillery.
  4669 | D:6      | Reached skill level 1 in Shields
  4677 | D:6      | Bought a potion of curing for 33 gold pieces
  4677 | D:6      | Bought a potion of might for 44 gold pieces
  4677 | D:6      | Bought a potion of resistance for 110 gold pieces
  4985 | D:6      | Noticed Blork the orc
  4997 | D:6      | Killed Blork the orc
  5011 | D:6      | Found a sparkling altar of Nemelex Xobeh.
  5012 | D:6      | Noticed a troll
  5311 | D:6      | Found a shimmering blue altar of Sif Muna.
  5427 | D:6      | Noticed Sigmund
  5544 | D:6      | HP: 1/44 [poisoned by Sigmund]
  5545 | D:6      | Succumbed to Sigmund's poison

Levels and vault maps discovered:
D:1:      lemuel_arrival_funnel, layout_basic
D:2:      layout_loops_ring, kiku_gazebo_garden_becter, first_ration
D:3:      layout_rooms, grunt_gozag_statues
D:4:      layout_basic, chequers_temple_overflow_statue_of_worship, uniq_natasha
D:5:      layout_loops_cross, nicolae_overflow_hidden_temple, minmay_puff
D:6:      layout_loops_ring, nicolae_overflow_crystal_walls, led_sif_pool,
          serial_shops, shop_statue, uniq_menkaure, uniq_sigmund,
          uniq_crazy_yiuf_cottage, uniq_blork_the_orc

Skill      XL: |  1  2  3  4  5  6  7  8 |
---------------+-------------------------+-----
Short Blades   | 2 3 4 5 |  5.4
Fighting       | 3 4 5 |  5.8
Dodging        | 1 |  1.2
Armour         | 2 3 |  3.4
Invocations    | 2 3 |  3.7
Evocations     | 2 |  2.5
Shields        | 1 |  1.7

Action                   |  1- 3 |  4- 6 |  7- 9 || total
-------------------------+-------+-------+-------++-------
Melee: Short sword       |    91 |   191 |   303 ||   585
       Bite              |    22 |    48 |    80 ||   150
Throw: Stone             |       |     1 |       ||     1
Invok: Depart the Abyss  |     1 |       |       ||     1
       Bend Space        |       |       |     2 ||     2
Evoke: Wand              |       |       |     1 ||     1
  Use: Scroll            |       |     9 |     5 ||    14
  Eat: Chunk             |     2 |     6 |     7 ||    15
Armor: Leather armour    |     4 |       |       ||     4
       Plate armour      |    46 |   121 |   179 ||   346
Dodge: Dodged            |    26 |    29 |    54 ||   109
Block: Buckler           |       |       |    29 ||    29
